 Dungeon Crawl Stone Soup version 0.31-a0-801-gc67433417a (webtiles) character file.

Game seed: 52363623490145683

10 GordonOverkill the Sneak (level 2, -1/19 HPs)
             Began as a Deep Elf Delver on Sept 20, 2023.
             Slain by a hound (3 damage)
             ... on level 4 of the Dungeon.
             The game lasted 00:00:52 (116 turns).

GordonOverkill the Sneak (Deep Elf Delver)           Turns: 116, Time: 00:00:53

Health: -1/19      AC:  3    Str:  9    XL:     2   Next: 10%
Magic:  4/4        EV: 12    Int: 14    God:
Gold:   0          SH:  0    Dex: 16    Spells: 1/1 levels left

rFire   . . .        a - +0 short sword
rCold   . . .        (no shield)
rNeg    . . .        b - +0 leather armour
rPois   .            (no helmet)
rElec   .            (no cloak)
rCorr   .            (no gloves)
SInv    .            (no boots)
Will    .....        (no amulet)
Stlth   +++          (no ring)
HPRegen 0.23/turn    (no ring)
MPRegen 0.09/turn

%: no passive effects
@: no status effects
A: no striking features
a: no special abilities


You were on level 4 of the Dungeon.
You visited 1 branch of the dungeon, and saw 3 of its levels.

Inventory:

Hand Weapons
 a - a +0 short sword (weapon)
Missiles
 d - 7 stones (quivered)
Armour
 b - a +0 leather armour (worn)
Wands
 g - a wand of digging (3)
Scrolls
 c - a scroll of fog
 e - a scroll of fear


   Skills:
 - Level 3.0 Fighting
 + Level 2.0 Short Blades
 - Level 2.4 Dodging
 - Level 6.0 Stealth


You had one spell level left.
You didn't know any spells.
Your spell library was empty.

Dungeon Overview and Level Annotations

Branches:
Dungeon (6/15)
 Temple: D:4-7

Altars:


Message History

The hound is moderately wounded.
The hound barely misses you.
You hit the hound.
The hound is heavily wounded.
The hound bites you but does no damage. The hound bites you.
You barely miss the hound.
The hound is heavily wounded.
The hound completely misses you.
You barely miss the hound. You punch the hound.
The hound is heavily wounded.
The hound bites you.
* * * LOW HITPOINT WARNING * * *
You closely miss the hound.
The hound is heavily wounded.
The hound misses you. The hound bites you but does no damage.
You hit the hound but do no damage.
The hound is heavily wounded.
The hound barely misses you.
You hit the hound.
The hound is severely wounded.
The hound barely misses you.
You hit the hound.
The hound is severely wounded.
The hound bites you.
* * * LOW HITPOINT WARNING * * *
The hound bites you.
* * * LOW HITPOINT WARNING * * *
You barely miss the hound.
The hound is severely wounded.
The hound bites you but does no damage.
You closely miss the hound.
The hound is severely wounded.
The hound bites you.
* * * LOW HITPOINT WARNING * * *
The hound bites you.
* * * LOW HITPOINT WARNING * * *
You closely miss the hound.
The hound is severely wounded.
The hound bites you.
You die...

*,~~~~~~~~,,**#.# #.......####
,,,~~~∩~~~,,,*#.# #.......####
*,,~~~~~~~~,,,..# #.......####
*,*~~~~~~~*,**#.# ##'#########
*,,,~~~~~,,,* #.# #.#########
**,,*,,,*,,,###.#######.#########
**,,,,,,,,,#...........#
***,,***,,#.#.######### *,**
*,,*,#.@h......*
*****,****,,*,#########.*
,,,,,,,,,,,,*,* *,*
***********,*,* *,* *,*,* *,*
*,*,* *,* *,*,* *,*
*,*,*********,*
*,*,,,,,,,,,,,*********


You could see a hound.

Vanquished Creatures
  A shadow imp (D:5)
  A dart slug (D:4)
2 creatures vanquished.

Notes
Turn   | Place    | Note
-------+----------+-------------------------------------------
     0 | D:5      | GordonOverkill the Deep Elf Delver began the quest for the
                  | Orb.
     0 | D:5      | Reached XP level 1. HP: 13/13 MP: 3/3
    10 | D:6      | Noticed an ogre
    23 | D:5      | Noticed an orc wizard
    33 | D:6      | Noticed a sleepcap
    34 | D:6      | Noticed a phantom
    35 | D:6      | Noticed a howler monkey
    77 | D:4      | Reached XP level 2. HP: 16/19 MP: 4/4
   116 | D:4      | Slain by a hound

Illustrated notes

Levels and vault maps discovered:
D:4:      layout_basic, jmf_multi_god_temple2, cheibrodos_sewer_entry_drain
D:5:      layout_basic, nicolae_uskayaw_murder_on_the_dancefloor,
          gammafunk_ghost_cemetery, uniq_pikel
D:6:      black_bear_nest_2, layout_rooms, kennysheep_okawaru_gauntlet,
          minmay_temple_entry_grid, serial_glass, glass_columns_c,
          glass_columns_a, glass_columns_a, glass_columns_c, glass_columns_b,
          glass_columns_a

Skill      XL: |  1 |
---------------+----+-----
Fighting       | 3 |  3.0
Short Blades   | |  2.0
Dodging        | |  2.4
Stealth        | |  6.0

Action                     || total
---------------------------++-------
  Melee: Short sword       ||    28
         Punch             ||     1
    Use: Scroll            ||     1
         Potion            ||     1
 Armour: Leather armour    ||    16
  Dodge: Dodged            ||    15

Table legend: (Time is in decaauts)
 A = Elapsed time spent in this place.
 B = Non-inter-level travel time spent in this place.
 C = Inter-level travel time spent in this place.
 D = Time resting spent in this place.
 E = Time spent auto-exploring this place.
 F = Levels seen in this place.
 G = Mean time per level.
                   A        B        C        D        E       F      G
               +--------+--------+--------+--------+--------+-----+--------+
         Total |     94 |     94 |      0 |      0 |      0 |   3 |   31.3 |
       Dungeon |     94 |     94 |      0 |      0 |      0 |   3 |   31.3 |
               +--------+--------+--------+--------+--------+-----+--------+

Top non-repeatable levels by time:
     D:4: 39 daAuts
     D:6: 38 daAuts
     D:5: 16 daAuts
